 Dungeon Crawl Stone Soup version 0.32-a0-918-g0f22ef8d61 (webtiles) character file.

Game seed: 11922614437365637925

7218 Hubris850 the Carver (level 11, -1/72 HPs)
             Began as a Coglin Alchemist on Apr 10, 2024.
             Was an Initiate of Gozag.
             Slain by a kobold brigand
             ... wielding a +0 whip
              (6 damage)
             ... on level 8 of the Dungeon.
             The game lasted 00:21:17 (6653 turns).

Hubris850 the Carver (Coglin Alchemist)             Turns: 6653, Time: 00:21:18

Health: -1/72      AC: 15    Str: 13    XL:     11   Next: 11%
Magic:  13/14      EV:  6    Int: 13    God:    Gozag
Gold:   754        SH:  0    Dex: 12    Spells: 13/14 levels left

rFire   + + .        B - +12 long sword of Latopuih {venom, rC+ Int+3 Dex-2}
rCold   + . .        G - +5 long sword {Izel}
rNeg    + + .        D - +4 chain mail of the King of Swords {rF++ rN++ Int-5}
rPois   .            (no helmet)
rElec   .            L - +0 cloak
rCorr   .            (no gloves)
SInv    .            x - +0 pair of boots
Will    .....        (amulet unavailable) Stlth
                     (ring unavailable)
HPRegen 0.32/turn    (ring unavailable)
MPRegen 0.14/turn    (no gizmo)

%: no passive effects
@: mighty, gold aura, slowed, revving, very slow
A: off-hand wielding, slow wielding, warmup strikes, no jewellery
a: Invent Gizmo, Renounce Religion, Potion Petition, Call Merchant, Bribe Branch


You were on level 8 of the Dungeon.
You worshipped Gozag.
Gozag was pleased with you.
You visited 2 branches of the dungeon, and saw 9 of its levels.

You collected 844 gold pieces.
You paid 90 gold pieces to Gozag.

Inventory:

Hand Weapons
 d - a +0 flail {Ning}
 e - a +4 heavy hand axe {Araceli}
 i - a +0 dagger {Yongsun}
 o - a +1 short sword of freezing {Bianca}
 t - a +0 dagger of speed {Harkiran}
 u - the +1 rapier of the Median {vamp, rCorr Int+3 Dex+5}
   (You found it on level 3 of the Dungeon)

   Int+3:     It affects your intelligence (+3).
   Dex+5:     It affects your dexterity (+5).
   rCorr:     It protects you from acid and corrosion.
 B - the +12 long sword of Latopuih (weapon) {venom, rC+ Int+3 Dex-2}
   (You found it on level 4 of the Dungeon)

   Int+3:     It affects your intelligence (+3).
   Dex-2:     It affects your dexterity (-2).
   rC+:       It protects you from cold.
 F - a +5 falchion
 G - a +5 long sword (offhand) {Izel}
Missiles
 f - 4 atropa-tipped darts
 y - 9 poisoned darts (quivered)
Armour
 a - a +0 robe
 g - a +1 ring mail of poison resistance
 x - a +0 pair of boots (worn)
 D - the +4 chain mail of the King of Swords (worn) {rF++ rN++ Int-5}
   (You found it on level 4 of the Dungeon)

   Int-5:     It affects your intelligence (-5).
   rF++:      It greatly protects you from fire.
   rN++:      It greatly protects you from negative energy.
 L - a +0 cloak (worn)
Magical Staves
 j - a staff of air
Wands
 H - a wand of quicksilver (8)
 J - a wand of digging (4)
Scrolls
 c - 2 scrolls of revelation
 n - 3 scrolls of teleportation
 p - 2 scrolls of blinking
 q - 2 scrolls of vulnerability
 I - a scroll of silence
 M - a scroll of immolation {unknown}
Potions
 b - 2 potions of magic
 h - a potion of haste
 k - 4 potions of curing
 l - 3 potions of might
 m - 2 potions of attraction
 r - 2 potions of lignification
 s - a potion of brilliance
 v - a potion of degeneration {unknown}
 w - 3 potions of mutation
 z - a potion of heal wounds {unknown}
 C - a potion of enlightenment
 E - a potion of cancellation {unknown}
 K - a potion of invisibility {unknown}


   Skills:
 - Level 2.0 Fighting
 - Level 5.0(9.5) Short Blades
 - Level 13.5(14.0) Long Blades
 - Level 2.5 Axes
 - Level 4.0 Armour
 - Level 3.0 Dodging
 - Level 1.5 Stealth
 + Level 2.0 Spellcasting
 - Level 0.8 Conjurations
 + Level 5.6 Alchemy


You had 13 spell levels left.
You knew the following spells:

 Your Spells              Type           Power      Damage    Failure   Level
a - Sting                 Conj/Alch      36%        1d5       75%         1

Your spell library contained the following spells:

 Spells                   Type           Power      Damage    Failure   Level
 Mercury Vapours          Alch/Air       16%        N/A       91%         2
 Mephitic Cloud           Conj/Alch/Air  7%         N/A       99%         3
 Olgreb's Toxic Radiance  Alch           16%        N/A       99%         4
 Sublimation of Blood     Necr           1%         N/A       100%        2
 Fugue of the Fallen      Necr           1%         N/A       100%        3
 Ozocubu's Armour         Ice            1%         N/A       100%        3
 Tukima's Dance           Hex            1%         N/A       100%        3
 Volatile Blastmotes      Fire/Tloc      2%         2d10      100%        3
 Fulminant Prism          Conj/Alch      4%         3d5       100%        4
 Iskenderun's Mystic Bla Conj/Tloc 2%             2d3        (+2d1     100%        4
 Passage of Golubria      Tloc           1%         N/A       100%        4
 Petrify                  Alch/Erth      8%         N/A       100%        4
 Sticky Flame             Fire/Alch      8%         2d4       100%        4
 Irradiate                Conj/Alch      4%         3d13      100%        5
 Yara's Violent Unravell  Hex/Alch       4%         3d4       100%        5
 Manifold Assault         Tloc           0%         N/A       100%        7


Dungeon Overview and Level Annotations

Branches:
Dungeon (8/15)             Temple (1/1) D:7            Lair (0/5) D:8

Altars:
Ashenzari
Cheibriados
Dithmenos
Elyvilon
Fedhas
Gozag
Hepliaklqana
Kikubaaqudgha
Makhleb
Nemelex Xobeh
Okawaru
Qazlal
Ru
Sif Muna
Trog
Uskayaw
Vehumet
Wu Jian
Xom
Yredelemnul
Zin
The Shining One

Shops:
D:3 =   D:5 ?

Portals:
Abyss: D:5

Annotations:
D:5 2 transporters, SageDae's ghost, novice CoHu


Innate Abilities, Weirdness & Mutations

You can wield a second weapon in your off-hand.
It takes a long time for you to wield or remove held weapons.
Your first few attacks do less damage.
You cannot equip rings or amulets.


Message History

You feel sick. The yak gores you.
* * * LOW HITPOINT WARNING * * *
You barely miss the yak with your +5 long sword.
The yak is moderately wounded.
You slash the yak with the +12 long sword of Latopuih!
The yak is poisoned.
You feel sick. The yak gores you.
* * * LOW HITPOINT WARNING * * *
You hit the yak with your +5 long sword.
The yak is almost dead.
You barely miss the yak with the +12 long sword of Latopuih.
You feel sick. The yak gores you but does no damage.
You feel better. The yak gores you!
* * * LOW HITPOINT WARNING * * *
The yak gores you but does no damage.
You feel very mighty all of a sudden. The yak gores you.
* * * LOW HITPOINT WARNING * * *
The yak gores you but does no damage. x2
You slash the yak with your +5 long sword!
You kill the yak!
The yak gores you but does no damage. The yak closely misses you.
The yak barely misses you.
Your Spellcasting skill increases to level 2!
Unknown command.
As you read the scroll of fear, it crumbles to dust.
You assume a fearsome visage.
The yak looks frightened! x2
The kobold brigand easily resists.
The kobold looks frightened! x2
The kobold hits you with a +0 short sword.
* * * LOW HITPOINT WARNING * * *
Unknown command.
Okay, then.
Unknown command.
Unknown command.
You closely miss the kobold brigand with your +5 long sword.
The kobold brigand is heavily wounded.
You barely miss the kobold brigand with the +12 long sword of Latopuih.
The kobold hits you but does no damage.
The kobold brigand hits you with a +0 whip.
You die...
Your body crumbles into a pile of gold.

.. #.##.##.#.....)).....♣....# #.
.. #.##.##.#...............P## #.
.. #.....................P.#####.
.. ......#.##.......P..P..♣......
.# ####....####..........P#......
.#######...#####.K.......#.......
...##$......Y.......P....#...#...
.#.##$#.##.K...##K##.#####.......
K..##...KY..#...@.##....#####+###
.Y.#...KY#.##..#K###....##.......
..$......####....###.....#.⌠...⌠.
..............Y..........#.......
........########[..#.....+...⌠...
.....$[.# ###.#.###.#.......
........# #....##..#.⌠...⌠.
###.....# #####....##..#.......
#.....# #..........>.####'###


You could see 2 yaks, a kobold brigand and 3 kobolds.

Vanquished Creatures
  Pikel (D:8)
  Jeremiah (D:6)
  Prince Ribbit (D:6)
  Grinder (D:3)
  Sigmund (D:2)
  A wraith (D:7)
  18 yaks (D:8)
  3 wyverns (D:8)
  Menkaure (D:6)
  An acid dragon (D:8)
  2 water moccasins (D:8)
  An ice beast (D:7)
  3 sky beasts
  A black bear (D:4)
  2 ogres
  An orc warrior (D:8)
  2 lemures (D:8)
  A centaur (D:7)
  2 phantoms (D:5)
  A kobold brigand (D:6)
  4 bullfrogs
  Blork the orc (D:6)
  A scorpion (D:5)
  3 wights (D:6)
  4 hounds
  An orc priest (D:8)
  2 jellies
  A bombardier beetle (D:5)
  3 sleepcaps
  5 iguanas
  Natasha (thrice) (D:2)
  2 orc wizards
  2 gnolls
  11 adders
  A shadow imp (D:5)
  2 ufetubi (D:5)
  2 ribbon worms
  A dart slug (D:4)
  17 orcs
  10 endoplasms
  5 giant cockroaches
  7 hobgoblins
  6 jackals
  4 quokkas
  9 ball pythons
  3 bats
  2 frilled lizards
  12 goblins
  11 kobolds
  5 rats
185 creatures vanquished.

Notes
Turn   | Place    | Note
-------+----------+-------------------------------------------
     0 | D:1      | Hubris850 the Coglin Alchemist began the quest for the Orb.
     0 | D:1      | Reached XP level 1. HP: 13/13 MP: 3/3
   220 | D:1      | Reached XP level 2. HP: 20/20 MP: 4/4
   559 | D:1      | Reached skill level 1 in Fighting
   559 | D:1      | Reached skill level 1 in Armour
   559 | D:1      | Reached XP level 3. HP: 26/26 MP: 2/5
   806 | D:2      | Reached XP level 4. HP: 29/32 MP: 6/6
   986 | D:2      | Noticed Natasha
   990 | D:2      | Killed Natasha
  1073 | D:2      | Noticed Natasha
  1079 | D:2      | Killed Natasha
  1080 | D:2      | Reached XP level 5. HP: 27/38 MP: 7/7
  1401 | D:2      | Noticed Natasha
  1405 | D:2      | Killed Natasha
  1589 | D:2      | Noticed Sigmund
  1603 | D:2      | Killed Sigmund
  1604 | D:2      | Reached skill level 5 in Alchemy
  1604 | D:2      | Reached XP level 6. HP: 42/44 MP: 4/8
  1689 | D:3      | Found Joqer's Jewellery Shoppe.
  1843 | D:3      | Noticed Grinder
  1849 | D:3      | Killed Grinder
  1850 | D:3      | Reached skill level 1 in Short Blades
  1850 | D:3      | Reached skill level 1 in Axes
  1850 | D:3      | Reached XP level 7. HP: 25/50 MP: 9/9
  2146 | D:3      | Identified the +1 rapier of the Median {vamp, rCorr Int+3
                  | Dex+5}
  2688 | D:4      | Identified the +12 long sword of Latopuih {venom, rC+ Int+3
                  | Dex-2}
  2768 | D:4      | Identified the +4 chain mail of the King of Swords {rF++
                  | rN++ Int-5}
  2938 | D:4      | Reached skill level 1 in Long Blades
  3099 | D:5      | Entered Level 5 of the Dungeon
  3172 | D:5      | Reached XP level 8. HP: 51/56 MP: 10/10
  3201 | D:5      | Reached skill level 2 in Long Blades
  3234 | D:5      | Found a transporter.
  3235 | D:5      | Noticed a small abomination
  3283 | D:5      | Noticed SageDae's ghost (novice CoHu)
  3293 | D:5      | Found a one-way gate to the infinite horrors of the Abyss.
  3368 | D:5      | Reached skill level 3 in Long Blades
  3396 | D:5      | Found a transporter.
  3435 | D:5      | Found Iggaq's Magic Scroll Emporium.
  3468 | D:5      | Found a hazy altar of Hepliaklqana.
  3478 | D:5      | Found a glowing silver altar of Zin.
  3481 | D:5      | Found a stormy altar of Qazlal.
  3484 | D:5      | Found a sparkling altar of Nemelex Xobeh.
  3915 | D:6      | Noticed Blork the orc
  3919 | D:6      | Reached skill level 4 in Long Blades
  3930 | D:6      | Killed Blork the orc
  3940 | D:6      | Reached skill level 5 in Short Blades
  4149 | D:6      | Reached skill level 5 in Long Blades
  4182 | D:6      | Noticed Jeremiah
  4192 | D:6      | Reached XP level 9. HP: 48/61 MP: 11/11
  4365 | D:6      | Killed Jeremiah
  4366 | D:6      | Reached skill level 6 in Long Blades
  4469 | D:6      | Noticed Menkaure
  4475 | D:6      | Killed Menkaure
  4476 | D:6      | Reached skill level 7 in Long Blades
  4864 | D:6      | Noticed Prince Ribbit
  4874 | D:6      | Killed Prince Ribbit
  4875 | D:6      | Reached skill level 8 in Long Blades
  5106 | D:7      | Found a staircase to the Ecumenical Temple.
  5115 | Temple   | Entered the Ecumenical Temple
  5152 | Temple   | Became a worshipper of Gozag Ym Sagoz the Greedy
  5389 | D:7      | Reached skill level 9 in Long Blades
  5558 | D:7      | Reached XP level 10. HP: 48/67 MP: 12/12
  5963 | D:8      | Noticed Pikel
  5976 | D:8      | Killed Pikel
  5977 | D:8      | Reached skill level 10 in Long Blades
  6037 | D:8      | Reached skill level 11 in Long Blades
  6067 | D:8      | Reached skill level 12 in Long Blades
  6280 | D:8      | Found a staircase to the Lair.
  6341 | D:8      | Reached skill level 13 in Long Blades
  6386 | D:8      | Found a basalt altar of Yredelemnul.
  6456 | D:8      | Reached XP level 11. HP: 72/72 MP: 13/13
  6653 | D:8      | Slain by a kobold brigand

Illustrated notes

Levels and vault maps discovered:
D:1:      tarquinn_simple_flora_water_a, layout_rooms, kennysheep_nondescript
D:2:      wad_river_or_something, layout_loops_cross, uniq_sigmund, uniq_natasha
D:3:      corexii_shack_village, layout_rooms, serial_shops, shop, uniq_grinder
D:4:      cheibrodos_old_hovel, layout_loops_ring
D:5:      layout_loops_cross, grunt_temple_overflow_cloverleaf, serial_shops,
          shop, gammafunk_ghost_abyssal_escape, hangedman_glass_teeth
D:6:      layout_layer_cave, uniq_prince_ribbit1, uniq_blork_the_orc,
          uniq_jeremiah, uniq_menkaure
D:7:      layout_basic, minmay_temple_entry_antechambers, minmay_misc_feat_chi
D:8:      lemuel_ratsnest, layout_basic, amcnicky_altar_gilded,
          minmay_lair_entry_grove, minmay_misc_feat_pillars,
          minmay_fountain_box, uniq_pikel
Temple:   minmay_crystal_spiral_temple

Skill      XL: |  1  2  3  4  5  6  7  8  9 10 11 |
---------------+----------------------------------+-----
Dodging        | 2 3 |  3.0
Fighting       | 1 2 |  2.0
Armour         | 1 3 4 |  4.0
Alchemy        | 4 5 |  5.6
Short Blades   | 1 2 5 |  5.0
Axes           | 1 2 |  2.5
Long Blades    | 1 5 9 13 | 13.5
Spellcasting   | 2 |  2.0
Stealth        | |  1.5
Conjurations   | |  0.8

Action                     |  1- 3 |  4- 6 |  7- 9 | 10-12 || total
---------------------------+-------+-------+-------+-------++-------
  Melee: Flail             |     8 |       |       |       ||     8
         Hand axe          |    34 |    68 |    38 |       ||   140
         Unarmed           |     4 |       |       |       ||     4
         Dagger            |     7 |       |       |       ||     7
         Short sword       |    16 |    59 |     4 |       ||    79
         Rapier            |       |       |   147 |       ||   147
         Long sword        |       |       |   159 |   178 ||   337
  Throw: Dart              |       |     3 |     9 |     1 ||    13
   Cast: Sting             |    12 |     2 |       |       ||    14
    Use: Scroll            |       |     8 |     5 |     3 ||    16
         Potion            |       |       |     1 |     4 ||     5
   Stab: Sleeping          |       |     1 |     2 |       ||     3
         Distracted        |       |       |       |     1 ||     1
 Armour: Ring mail         |    29 |    47 |    28 |       ||   104
         Robe              |     2 |       |       |       ||     2
         Chain mail        |       |       |   146 |    77 ||   223
  Dodge: Dodged            |    27 |    50 |    65 |    28 ||   170

Table legend: (Time is in decaauts)
 A = Elapsed time spent in this place.
 B = Non-inter-level travel time spent in this place.
 C = Inter-level travel time spent in this place.
 D = Time resting spent in this place.
 E = Time spent auto-exploring this place.
 F = Levels seen in this place.
 G = Mean time per level.
                   A        B        C        D        E       F      G
               +--------+--------+--------+--------+--------+-----+--------+
         Total |   6701 |   6436 |    265 |    634 |   4472 |   9 |  744.6 |
       Dungeon |   6626 |   6434 |    192 |    634 |   4472 |   8 |  828.2 |
        Temple |     74 |      1 |     73 |      0 |      0 |   1 |   74.0 |
               +--------+--------+--------+--------+--------+-----+--------+

Top non-repeatable levels by time:
     D:5: 957 daAuts
     D:2: 952 daAuts
     D:7: 893 daAuts
     D:6: 892 daAuts
     D:4: 814 daAuts
     D:1: 781 daAuts
     D:8: 707 daAuts
     D:3: 628 daAuts
  Temple: 74 daAuts
